 Dungeon Crawl Stone Soup version 0.31-a0-1476-g8a4046af8c (webtiles) character file.

Game seed: 14481367247382182223

39 NoAnimeNoLife the Chopper (level 3, -6/31 HPs)
             Began as a Hill Orc Gladiator on Dec 29, 2023.
             Mangled by Sigmund
             ... wielding a +0 scythe
              (10 damage)
             ... on level 2 of the Dungeon.
             The game lasted 00:00:49 (949 turns).

NoAnimeNoLife the Chopper (Hill Orc Gladiator)       Turns: 949, Time: 00:00:50

Health: -6/31      AC:  4    Str: 18    XL:     3   Next: 47%
Magic:  3/3        EV: 12    Int:  8    God:
Gold:   157        SH:  0    Dex: 12    Spells: 2/2 levels left

rFire   . . .        a - +0 war axe
rCold   . . .        (no shield)
rNeg    . . .        b - +0 leather armour
rPois   .            c - +0 helmet
rElec   .            (no cloak)
rCorr   .            (no gloves)
SInv    .            (no boots)
Will    .....        (no amulet)
Stlth   +            (no ring)
HPRegen 0.25/turn    (no ring)
MPRegen 0.08/turn

%: no passive effects
@: no status effects
A: no striking features
a: no special abilities


You were on level 2 of the Dungeon.
You visited 1 branch of the dungeon, and saw 2 of its levels.

You collected 157 gold pieces.

Inventory:

Hand Weapons
 a - a +0 war axe (weapon)
Missiles
 e - a javelin
Armour
 b - a +0 leather armour (worn)
 c - a +0 helmet (worn)
Jewellery
 h - a ring of ice
 l - a ring of resist corrosion
Scrolls
 g - a scroll of identify {unknown}
 i - a scroll of enchant weapon {unknown}
 j - a scroll of silence {unknown}


   Skills:
 + Level 3.6 Fighting
 + Level 5.0 Axes
 - Level 1.7 Throwing
 - Level 2.4 Dodging


You had 2 spell levels left.
You didn't know any spells.
Your spell library was empty.

Dungeon Overview and Level Annotations

Branches:
Dungeon (2/15)

Altars:

Annotations:
D:2 Sigmund


Message History

You hear some strange, mumbled words.
A magic dart appears from out of thin air!
The magic dart hits you.
You miss something. Something hits you!
You miss something. Something hits you.
Throw: throwing net
Press: ? - help, Q - select action, (/) - cycle Shift-Dir - straight line, f - you Really target yourself? [Y]es or [N]o only, please.
Really target yourself?
Okay, then.
Throw: throwing net
Press: ? - help, Q - select action, (/) - cycle Shift-Dir - straight line You throw a throwing net.
Something gets caught in the net!
You barely miss something.
Something wriggles in the net.
You hear some strange, mumbled words.
You are confused.
Something wriggles in the net.
You slash something!
You hear some strange, mumbled words.
A puff of flame appears from out of thin air!
The puff of flame misses you.
Something wriggles in the net.
It was a potion of curing.
You feel better.
You slash something!
Something wriggles in the net.
You hit something but do no damage.
Something wriggles in the net.
You barely miss something.
Something wriggles in the net.
All of a sudden the net rips apart!
Something hits you.
You barely miss something. You closely miss something. Something hits you.
* * * LOW HITPOINT WARNING * * *
You feel better. Something hits you!
* * * LOW HITPOINT WARNING * * *
You closely miss something. Something hits you but does no damage.
Okay, then.
You aren't carrying any items that you can evoke.
It was a potion of cancellation.
You feel magically purged.
You closely miss something. Something hits you.
* * * LOW HITPOINT WARNING * * *
You barely miss something. Something hits you!
You die...

#...# #...# #...#
#...#
#####...###### .
.............##...
$....!............
(.....{...<..#
#####..@######
#...# #...# #...#
....# ......
#.##.## #. #.


There were no monsters in sight!

Vanquished Creatures
  2 dart slugs (D:1)
  2 bats (D:1)
  4 endoplasms (D:1)
  A giant cockroach (D:1)
  A goblin (D:1)
  2 hobgoblins (D:1)
  4 jackals (D:1)
  4 kobolds (D:1)
  3 ball pythons (D:1)
  13 rats
36 creatures vanquished.

Notes
Turn   | Place    | Note
-------+----------+-------------------------------------------
     0 | D:1      | NoAnimeNoLife the Hill Orc Gladiator began the quest for
                  | the Orb.
     0 | D:1      | Reached XP level 1. HP: 18/18 MP: 1/1
   137 | D:1      | Reached XP level 2. HP: 25/25 MP: 2/2
   420 | D:1      | Found a faded altar of an unknown god.
   428 | D:1      | Reached XP level 3. HP: 19/31 MP: 3/3
   696 | D:1      | Reached skill level 5 in Axes
   924 | D:2      | Noticed Sigmund
   949 | D:2      | Mangled by Sigmund

Illustrated notes

Levels and vault maps discovered:
D:1:      dpeg_arrival_castle, layout_basic, ebering_ecumenical_altar_rust,
          minmay_rat_gold_closets
D:2:      layout_loops_cross, uniq_sigmund

Skill      XL: |  1  2  3 |
---------------+----------+-----
Fighting       | 3 |  3.6
Axes           | 5 |  5.0
Throwing       | |  1.7
Dodging        | |  2.4

Action                     || total
---------------------------++-------
  Melee: War axe           ||    88
  Throw: Throwing net      ||     3
    Use: Potion            ||     3
   Stab: Sleeping          ||     1
 Armour: Leather armour    ||    43
  Dodge: Dodged            ||    47

Table legend: (Time is in decaauts)
 A = Elapsed time spent in this place.
 B = Non-inter-level travel time spent in this place.
 C = Inter-level travel time spent in this place.
 D = Time resting spent in this place.
 E = Time spent auto-exploring this place.
 F = Levels seen in this place.
 G = Mean time per level.
                   A        B        C        D        E       F      G
               +--------+--------+--------+--------+--------+-----+--------+
         Total |    973 |    954 |     19 |      0 |    730 |   2 |  486.5 |
       Dungeon |    973 |    954 |     19 |      0 |    730 |   2 |  486.5 |
               +--------+--------+--------+--------+--------+-----+--------+

Top non-repeatable levels by time:
     D:1: 945 daAuts
     D:2: 27 daAuts
